 Dungeon Crawl Stone Soup version 0.29.0-4-gdea44cf6ec (webtiles) character file.

Game seed: 1162539499881661480

4400 qw the Cleaver (level 10, -1/60 HPs)
             Began as a Tengu Warper on Aug 28, 2022.
             Slain by a gnoll
             ... wielding a +0 spear
             ... led by a gnoll bouda
              (2 damage)
             ... on level 7 of the Dungeon.
             The game lasted 00:01:02 (10155 turns).

qw the Cleaver (Tengu Warper)                      Turns: 10155, Time: 00:01:03

Health: -1/60      AC: 22    Str: 15    XL:     10   Next: 35%
Magic:  14/14      EV:  6    Int: 14    God:
Gold:   276        SH:  0    Dex: 14    Spells: 13/13 levels left

rFire   . . .      SeeInvis +   Y - +0 war axe (protect)
rCold   . . .      Faith    .   (no shield)
rNeg    . . .      Spirit   .   a - +0 plate armour
rPois   +          Reflect  .   (helmet restricted)
rElec   .          Harm     .   s - +1 cloak
rCorr   .          Rampage  .   (no gloves)
Will    .....                   (boots unavailable)
Stlth   ..........              n - amulet of the acrobat
HPRegen 0.20/turn               b - ring of poison resistance
MPRegen 0.14/turn               e - ring of see invisible

@: about to teleport, weakened, under a protective aura, flying quickly and
evasively, quick
A: beak, talons 3, nimble flight
a: no special abilities


You were on level 7 of the Dungeon.
You visited 2 branches of the dungeon, and saw 8 of its levels.

You collected 304 gold pieces.
You spent 28 gold pieces at shops.


Innate Abilities, Weirdness & Mutations

You have a beak for a mouth.
You have claws for feet.
Your magical nature lets you fly swiftly and evasively.


   Skills:
 - Level 6.2 Fighting
 + Level 13.0 Axes
 - Level 1.0 Throwing
 - Level 7.0 Armour
 - Level 3.0 Dodging
 - Level 2.0 Spellcasting
 - Level 2.4 Translocations


You had 13 spell levels left.
You didn't know any spells.
Your spell library contained the following spells:

 Spells                   Type           Power      Damage    Failure   Level
 Blink                    Tloc           16%        N/A       100%        2
 Gell's Gravitas          Tloc           8%         N/A       100%        3
 Lesser Beckoning         Tloc           8%         N/A       100%        3
 Teleport Other           Tloc           8%         N/A       100%        3
 Manifold Assault         Tloc           8%         N/A       100%        5

Inventory:

Hand Weapons
 m - a +0 flail
 Y - a +0 war axe of protection (weapon)
Armour
 a - a +0 plate armour (worn)
 s - a +1 cloak (worn)
Jewellery
 b - a ring of poison resistance (left hand)
 c - a ring of ice
 e - a ring of see invisible (right hand)
 g - a ring of resist corrosion
 n - an amulet of the acrobat (around neck)
 p - a ring of protection from cold
Scrolls
 i - 3 scrolls of identify
Potions
 d - 2 potions of mutation
 f - 2 potions of might
 k - a potion of haste
 l - 2 potions of curing
 o - a potion of resistance

Dungeon Overview and Level Annotations

Branches:
Dungeon (7/15)             Temple (1/1) D:5

Altars:
Ashenzari
Dithmenos
Elyvilon
Fedhas
Gozag
Hepliaklqana
Kikubaaqudgha
Makhleb
Nemelex Xobeh
Qazlal
Ru
Sif Muna
Trog
Uskayaw
Vehumet
Wu Jian
Xom
Yredelemnul
Zin
The Shining One

Shops:
D:4 *

Annotations:
D:3 3 runed translucent doors, qw's ghost, amateur TeWr


Message History

You slash the gnoll bouda!
You feel sick.
You hit the orc warrior.
You claw the orc warrior, but do no damage.
Your peck misses the orc warrior.
The orc warrior is almost dead.
You slash the gnoll bouda!
You feel sick. The gnoll completely misses you.
The orc warrior hits you with a +0 battleaxe.
The gnoll hits you from afar with a +0 spear.
The gnoll hits you but does no damage.
The gnoll bouda prays to its god.
The gnoll bouda is healed somewhat.
You hit the orc warrior but do no damage.
You claw the orc warrior, but do no damage.
The orc warrior is almost dead.
You hit the gnoll bouda.
You feel sick.
The gnoll hits you from afar with a +0 spear.
The orc warrior barely misses you. The gnoll hits you but does no damage.
The gnoll bouda gazes fiercely through you!
You feel your attacks grow feeble.
The gnoll bouda hits you but does no damage.
The gnoll barely misses you.
You closely miss the orc warrior. Your kick misses the orc warrior.
Your peck misses the orc warrior.
The orc warrior is almost dead.
You hit the gnoll bouda.
You feel sick. The gnoll hits you but does no damage.
The orc warrior hits you with a +0 battleaxe!
The gnoll barely misses you.
The gnoll bouda hits you but does no damage.
10155 ||| READING scroll of teleportation.
As you read the scroll of teleportation, it crumbles to dust.
You feel strangely unstable.
You feel sick.
You are no longer poisoned.
A gnoll opens the door.
The gnoll hits you from afar with a +0 spear.
You die...

##P7P7.7#... ##..#
.P.P7.7...# ###...#
...PP....# ##....##
......P.#########...###7
...........'...)..###7..
......))...'...#)># ..7.
...........#...####g...P
...........#####.ogg...#
...####.......P.@)ggg..+
... +......)...ggg...#
.. #...####...#'##..# ..
#...+ #.P.#..# . ~
.....# #...# g# .......#
#...# ## ........ .....
.......~ ....~.. .~~~~~.
~~~~~.~


You could see an orc warrior, 3 gnoll boudas and 7 gnolls.

Vanquished Creatures
  Pikel (D:5)
  2 trolls
  Eustachio (D:4)
  2 steam dragons (D:6)
  Duvessa (D:7)
  2 water moccasins
  An ice beast (D:6)
  2 black bears
  2 centaurs (D:7)
  4 ogres
  2 lemures (D:5)
  5 phantoms
  2 kobold brigands (D:7)
  2 necrophages
  4 bullfrogs
  A gnoll sergeant (D:7)
  6 scorpions
  3 wights (D:7)
  Dowan (D:7)
  3 hounds
  2 jellies
  An orc priest (D:4)
  2 gnoll boudas (D:7)
  2 iguanas (D:5)
  2 orc wizards
  9 adders
  3 gnolls (D:7)
  2 shadow imps
  A white imp (D:6)
  An ufetubus (D:4)
  A worm (D:3)
  4 dart slugs
  13 orcs
  7 bats
  11 endoplasms
  7 giant cockroaches
  2 goblins
  6 hobgoblins
  4 jackals (D:2)
  4 quokkas
  7 ball pythons
  4 frilled lizards
  14 kobolds
  4 rats
160 creatures vanquished.

Vanquished Creatures (others)
  A fungus (D:3)
  4 plants
5 creatures vanquished.

Grand Total: 165 creatures vanquished

Notes
Turn   | Place    | Note
-------+----------+-------------------------------------------
     0 | D:1      | qw the Tengu Warper began the quest for the Orb.
     0 | D:1      | Reached XP level 1. HP: 12/12 MP: 4/4
     0 | D:1      | 0 ||| qw: Version: 0.1-a-89-g26bdef1
     0 | D:1      | 0 ||| qw: Game counter: 2646
     0 | D:1      | 0 ||| qw: Always use a shield: true
     0 | D:1      | 0 ||| qw: God list: Okawaru
     0 | D:1      | 0 ||| qw: Allow faded altars: false
     0 | D:1      | 0 ||| qw: Do Orc after D:15 true
     0 | D:1      | 0 ||| qw: Do second Lair branch before Depths: true
     0 | D:1      | 0 ||| qw: Lair rune preference: random
     0 | D:1      | 0 ||| qw: Plans: Normal
     0 | D:1      | 0 ||| PLANNING D:1-11
   326 | D:1      | Reached XP level 2. HP: 17/17 MP: 6/6
   332 | D:1      | Reached skill level 3 in Axes
   671 | D:1      | You fall into a shaft and drop 1 floor!
   697 | D:2      | Reached XP level 3. HP: 14/21 MP: 7/7
   832 | D:2      | 832 ||| UPGRADING to +1 leather armour of willpower.
   842 | D:2      | 842 ||| DROPPING +0 leather armour.
   843 | D:2      | 843 ||| READING scroll labelled BELABRENUI.
   844 | D:2      | 844 ||| READING scroll labelled SUPTUIRUUTZ.
   845 | D:2      | 845 ||| READING scroll labelled PONYKU NORREPP.
   846 | D:2      | 846 ||| DRINKING 2 green potions.
   847 | D:2      | 847 ||| DRINKING 2 fizzy sapphire potions.
   848 | D:2      | 848 ||| DROPPING scroll of blinking.
   849 | D:2      | 849 ||| DROPPING potion of degeneration.
   856 | D:1      | 856 ||| Stepping ~*~*~tactically~*~*~ (hiding).
   997 | D:1      | 997 ||| Stepping ~*~*~tactically~*~*~ (stealth).
   998 | D:1      | 998 ||| Stepping ~*~*~tactically~*~*~ (stealth).
  1008 | D:1      | Reached skill level 4 in Axes
  1142 | D:1      | 1142 ||| DROPPING +0 club.
  1641 | D:1      | 1641 ||| UPGRADING to ring of poison resistance.
  1642 | D:1      | 1642 ||| UPGRADING to ring of protection from cold.
  1643 | D:1      | 1643 ||| DRINKING 3 yellow potions.
  2039 | D:2      | Reached XP level 4. HP: 26/26 MP: 8/8
  2102 | D:2      | 2102 ||| Stepping ~*~*~tactically~*~*~ (stealth).
  2104 | D:2      | 2104 ||| Stepping ~*~*~tactically~*~*~ (stealth).
  2116 | D:2      | 2116 ||| Stepping ~*~*~tactically~*~*~ (stealth).
  2119 | D:2      | 2119 ||| Stepping ~*~*~tactically~*~*~ (stealth).
  2120 | D:2      | 2120 ||| Stepping ~*~*~tactically~*~*~ (stealth).
  2135 | D:2      | 2135 ||| Stepping ~*~*~tactically~*~*~ (stealth).
  2136 | D:2      | 2136 ||| Stepping ~*~*~tactically~*~*~ (stealth).
  2137 | D:2      | 2137 ||| Stepping ~*~*~tactically~*~*~ (stealth).
  2138 | D:2      | 2138 ||| Stepping ~*~*~tactically~*~*~ (stealth).
  2140 | D:2      | 2140 ||| Stepping ~*~*~tactically~*~*~ (stealth).
  2148 | D:2      | 2148 ||| FLEEEEING.
  2149 | D:2      | 2149 ||| FLEEEEING.
  2150 | D:2      | 2150 ||| FLEEEEING.
  2151 | D:2      | 2151 ||| FLEEEEING.
  2152 | D:2      | 2152 ||| FLEEEEING.
  2153 | D:2      | 2153 ||| FLEEEEING.
  2154 | D:2      | 2154 ||| FLEEEEING.
  2155 | D:2      | 2155 ||| FLEEEEING.
  2156 | D:2      | 2156 ||| FLEEEEING.
  2157 | D:2      | 2157 ||| FLEEEEING.
  2158 | D:2      | 2158 ||| FLEEEEING.
  2159 | D:2      | 2159 ||| FLEEEEING.
  2160 | D:2      | 2160 ||| FLEEEEING.
  2161 | D:2      | 2161 ||| FLEEEEING.
  2162 | D:2      | 2162 ||| FLEEEEING.
  2163 | D:2      | 2163 ||| FLEEEEING.
  2164 | D:2      | 2164 ||| FLEEEEING.
  2165 | D:2      | 2165 ||| FLEEEEING.
  2166 | D:2      | 2166 ||| FLEEEEING.
  2167 | D:2      | 2167 ||| FLEEEEING.
  2168 | D:2      | 2168 ||| FLEEEEING.
  2169 | D:2      | 2169 ||| FLEEEEING.
  2170 | D:2      | 2170 ||| FLEEEEING.
  2171 | D:2      | 2171 ||| FLEEEEING.
  2172 | D:2      | 2172 ||| FLEEEEING.
  2308 | D:2      | Found a faded altar of an unknown god.
  2340 | D:2      | 2340 ||| UPGRADING to amulet of the acrobat.
  2345 | D:2      | 2345 ||| READING scroll labelled POPIEFATHE.
  2349 | D:2      | 2349 ||| READING 2 scrolls labelled VUYTIEDYUKHLU.
  2450 | D:2      | 2450 ||| READING scroll labelled GOYLAAMIOF.
  2451 | D:2      | 2451 ||| READING 2 scrolls labelled PIYBEL ILID.
  2452 | D:2      | 2452 ||| DROPPING scroll of silence.
  2453 | D:2      | 2453 ||| DROPPING scroll of poison.
  2492 | D:3      | 2492 ||| Stepping ~*~*~tactically~*~*~ (stealth).
  2501 | D:3      | Found an ancient bone altar of Kikubaaqudgha.
  2575 | D:3      | Reached skill level 5 in Axes
  2657 | D:3      | HP: 1/26 [orc/+0 flail (9)]
  2658 | D:3      | 2658 ||| DRINKING 2 potions of heal wounds.
  2826 | D:3      | 2826 ||| SWAPPING to +0 war axe.
  2827 | D:3      | 2827 ||| DROPPING +2 whip of venom.
  2828 | D:3      | 2828 ||| DROPPING +0 hand axe.
  2969 | D:3      | 2969 ||| Stepping ~*~*~tactically~*~*~ (stealth).
  3009 | D:3      | 3009 ||| FLEEEEING.
  3010 | D:3      | 3010 ||| FLEEEEING.
  3011 | D:3      | 3011 ||| FLEEEEING.
  3012 | D:3      | 3012 ||| FLEEEEING.
  3013 | D:3      | 3013 ||| FLEEEEING.
  3014 | D:3      | 3014 ||| STAIRDANCE
  3057 | D:2      | 3057 ||| UPGRADING to +0 plate armour.
  3067 | D:2      | 3067 ||| DROPPING +1 leather armour of willpower.
  3068 | D:2      | 3068 ||| UPGRADING to ring of see invisible.
  3331 | D:3      | 3331 ||| FLEEEEING.
  3332 | D:3      | 3332 ||| FLEEEEING.
  3333 | D:3      | 3333 ||| FLEEEEING.
  3334 | D:3      | 3334 ||| FLEEEEING.
  3335 | D:3      | 3335 ||| FLEEEEING.
  3338 | D:3      | 3338 ||| FLEEEEING.
  3339 | D:3      | 3339 ||| FLEEEEING.
  3340 | D:3      | HP: 6/26 [poisoned by a kobold]
  3341 | D:3      | 3341 ||| FLEEEEING.
  3343 | D:3      | 3343 ||| FLEEEEING.
  3344 | D:3      | 3344 ||| FLEEEEING.
  3345 | D:3      | 3345 ||| FLEEEEING.
  3346 | D:3      | 3346 ||| FLEEEEING.
  3347 | D:3      | 3347 ||| FLEEEEING.
  3348 | D:3      | 3348 ||| FLEEEEING.
  3349 | D:3      | 3349 ||| FLEEEEING.
  3350 | D:3      | 3350 ||| FLEEEEING.
  3351 | D:3      | 3351 ||| FLEEEEING.
  3352 | D:3      | 3352 ||| FLEEEEING.
  3353 | D:3      | 3353 ||| FLEEEEING.
  3359 | D:3      | 3359 ||| FLEEEEING.
  3360 | D:3      | 3360 ||| FLEEEEING.
  3366 | D:3      | 3366 ||| FLEEEEING.
  3367 | D:3      | 3367 ||| FLEEEEING.
  3368 | D:3      | 3368 ||| FLEEEEING.
  3374 | D:3      | 3374 ||| FLEEEEING.
  3375 | D:3      | 3375 ||| FLEEEEING.
  3376 | D:3      | 3376 ||| FLEEEEING.
  3385 | D:3      | 3385 ||| FLEEEEING.
  3386 | D:3      | 3386 ||| FLEEEEING.
  3387 | D:3      | 3387 ||| FLEEEEING.
  3388 | D:3      | 3388 ||| FLEEEEING.
  3389 | D:3      | 3389 ||| FLEEEEING.
  3390 | D:3      | 3390 ||| FLEEEEING.
  3391 | D:3      | 3391 ||| FLEEEEING.
  3392 | D:3      | 3392 ||| FLEEEEING.
  3393 | D:3      | 3393 ||| FLEEEEING.
  3394 | D:3      | 3394 ||| FLEEEEING.
  3395 | D:3      | 3395 ||| FLEEEEING.
  3396 | D:3      | 3396 ||| FLEEEEING.
  3409 | D:3      | 3409 ||| FLEEEEING.
  3410 | D:3      | 3410 ||| FLEEEEING.
  3411 | D:3      | 3411 ||| FLEEEEING.
  3414 | D:3      | 3414 ||| FLEEEEING.
  3415 | D:3      | 3415 ||| FLEEEEING.
  3416 | D:3      | 3416 ||| FLEEEEING.
  3417 | D:3      | 3417 ||| FLEEEEING.
  3422 | D:3      | 3422 ||| FLEEEEING.
  3423 | D:3      | 3423 ||| FLEEEEING.
  3428 | D:3      | 3428 ||| FLEEEEING.
  3429 | D:3      | 3429 ||| FLEEEEING.
  3430 | D:3      | 3430 ||| FLEEEEING.
  3431 | D:3      | 3431 ||| FLEEEEING.
  3432 | D:3      | 3432 ||| FLEEEEING.
  3433 | D:3      | 3433 ||| FLEEEEING.
  3434 | D:3      | 3434 ||| FLEEEEING.
  3435 | D:3      | 3435 ||| FLEEEEING.
  3436 | D:3      | 3436 ||| FLEEEEING.
  3441 | D:3      | 3441 ||| FLEEEEING.
  3442 | D:3      | 3442 ||| FLEEEEING.
  3443 | D:3      | 3443 ||| FLEEEEING.
  3444 | D:3      | 3444 ||| FLEEEEING.
  3445 | D:3      | 3445 ||| FLEEEEING.
  3446 | D:3      | 3446 ||| FLEEEEING.
  3447 | D:3      | 3447 ||| FLEEEEING.
  3448 | D:3      | 3448 ||| FLEEEEING.
  3449 | D:3      | 3449 ||| FLEEEEING.
  3450 | D:3      | 3450 ||| FLEEEEING.
  3451 | D:3      | 3451 ||| FLEEEEING.
  3452 | D:3      | 3452 ||| FLEEEEING.
  3455 | D:3      | 3455 ||| FLEEEEING.
  3456 | D:3      | 3456 ||| FLEEEEING.
  3457 | D:3      | 3457 ||| STAIRDANCE
  3630 | D:3      | Gained mutation: Your magical nature lets you fly swiftly
                  | and evasively. [Tengu growth]
  3630 | D:3      | Reached XP level 5. HP: 30/30 MP: 9/9
  4009 | D:3      | Found a runed translucent gate.
  4009 | D:3      | Found a runed translucent gate.
  4009 | D:3      | Noticed qw's ghost (amateur TeWr)
  4010 | D:3      | Found a runed translucent gate.
  4010 | D:3      | Noticed a kobold brigand
  4189 | D:3      | 4189 ||| READING scroll labelled XUTHA FU ZIH.
  4190 | D:3      | 4190 ||| DRINKING 3 dark potions.
  4216 | D:3      | 4216 ||| READING 2 scrolls of identify.
  4216 | D:3      | 4216 ||| IDENTIFYING lumpy cyan potion
  4217 | D:3      | 4217 ||| DROPPING 2 potions of lignification.
  4277 | D:4      | Found Fybly's General Store.
  4286 | D:4      | 4286 ||| BUYING scroll of identify (28 gold).
  4286 | D:4      | Bought a scroll of identify for 28 gold pieces
  4376 | D:4      | Noticed Eustachio
  4378 | D:4      | HP: 5/30 [orc priest/divine providence (13)]
  4379 | D:4      | 4379 ||| DRINKING 2 potions of heal wounds.
  4393 | D:4      | Reached skill level 6 in Axes
  4393 | D:4      | Reached XP level 6. HP: 27/35 MP: 10/10
  4397 | D:4      | 4397 ||| FLEEEEING.
  4398 | D:4      | 4398 ||| FLEEEEING.
  4404 | D:4      | HP: 5/35 [iron imp[Eustachio] (5)]
  4405 | D:4      | 4405 ||| DRINKING potion of heal wounds.
  4474 | D:4      | 4474 ||| FLEEEEING.
  4475 | D:4      | 4475 ||| FLEEEEING.
  4476 | D:4      | 4476 ||| FLEEEEING.
  4477 | D:4      | 4477 ||| FLEEEEING.
  4478 | D:4      | 4478 ||| FLEEEEING.
  4479 | D:4      | 4479 ||| FLEEEEING.
  4480 | D:4      | 4480 ||| FLEEEEING.
  4481 | D:4      | 4481 ||| FLEEEEING.
  4482 | D:4      | 4482 ||| FLEEEEING.
  4493 | D:4      | 4493 ||| FLEEEEING.
  4494 | D:4      | 4494 ||| FLEEEEING.
  4495 | D:4      | 4495 ||| FLEEEEING.
  4496 | D:4      | 4496 ||| FLEEEEING.
  4497 | D:4      | 4497 ||| FLEEEEING.
  4498 | D:4      | 4498 ||| FLEEEEING.
  4524 | D:4      | Killed Eustachio
  4525 | D:4      | Reached skill level 7 in Axes
  4789 | D:4      | 4789 ||| DROPPING scarf of invisibility.
  4790 | D:4      | 4790 ||| UPGRADING to +0 cloak.
  4795 | D:4      | 4795 ||| READING scroll labelled HYLEDI ODGHEQYP.
  4796 | D:4      | 4796 ||| READING scroll labelled CANIOR MOFUELE.
  4797 | D:4      | 4797 ||| READING 3 scrolls of identify.
  4797 | D:4      | 4797 ||| IDENTIFYING fizzy grey potion
  4798 | D:4      | 4798 ||| READING 2 scrolls of identify.
  4798 | D:4      | 4798 ||| IDENTIFYING murky silvery potion
  4799 | D:4      | 4799 ||| DROPPING potion of ambrosia.
  4814 | D:5      | Entered Level 5 of the Dungeon
  4815 | D:5      | 4815 ||| STAIRDANCE
  4820 | D:4      | 4820 ||| DRINKING potion of curing.
  4820 | D:4      | 4820 ||| (to cure confusion)
  4870 | D:5      | 4870 ||| STAIRDANCE
  4888 | D:4      | Reached skill level 3 in Armour
  4888 | D:4      | Reached XP level 7. HP: 22/40 MP: 11/11
  5033 | D:5      | 5033 ||| STAIRDANCE
  5069 | D:5      | Reached skill level 3 in Fighting
  5069 | D:5      | 5069 ||| Stepping ~*~*~tactically~*~*~ (stealth).
  5070 | D:5      | 5070 ||| Stepping ~*~*~tactically~*~*~ (stealth).
  5072 | D:5      | 5072 ||| Stepping ~*~*~tactically~*~*~ (stealth).
  5077 | D:5      | 5077 ||| STAIRDANCE
  5124 | D:5      | Reached skill level 8 in Axes
  5124 | D:5      | 5124 ||| STAIRDANCE
  5268 | D:5      | Reached XP level 8. HP: 45/47 MP: 12/12
  5575 | D:5      | 5575 ||| Stepping ~*~*~tactically~*~*~ (hiding).
  5784 | D:5      | Found a staircase to the Ecumenical Temple.
  5785 | D:5      | 5785 ||| PLANNING TEMPLE
  5785 | D:5      | 5785 ||| READING scroll labelled SAYRYU ZEVAK.
  5786 | D:5      | 5786 ||| READING scroll labelled FOROCZ ETRARUN.
  5787 | D:5      | 5787 ||| READING 4 scrolls of identify.
  5787 | D:5      | 5787 ||| IDENTIFYING blue potion
  5792 | D:5      | Noticed Pikel
  5817 | D:5      | HP: 11/47 [lemure[Pikel] (1)]
  5818 | D:5      | Killed Pikel
  5819 | D:5      | Reached skill level 10 in Axes
  6054 | D:5      | 6054 ||| READING 3 scrolls of identify.
  6054 | D:5      | 6054 ||| IDENTIFYING fizzy coppery potion
  6055 | D:5      | 6055 ||| READING 2 scrolls of identify.
  6055 | D:5      | 6055 ||| IDENTIFYING clear potion
  6056 | D:5      | 6056 ||| DROPPING potion of attraction.
  6064 | Temple   | Entered the Ecumenical Temple
  6203 | Temple   | 6203 ||| PLANNING D:1-11
  6712 | D:6      | Reached XP level 9. HP: 34/53 MP: 13/13
  6840 | D:6      | Found a basalt altar of Yredelemnul.
  6853 | D:6      | HP: 6/54 [ogre/+0 giant spiked club (17)]
  6890 | D:6      | 6890 ||| FLEEEEING.
  6891 | D:6      | 6891 ||| FLEEEEING.
  6892 | D:6      | 6892 ||| FLEEEEING.
  6893 | D:6      | 6893 ||| FLEEEEING.
  6894 | D:6      | 6894 ||| FLEEEEING.
  6895 | D:6      | 6895 ||| FLEEEEING.
  6896 | D:6      | 6896 ||| FLEEEEING.
  6897 | D:6      | 6897 ||| FLEEEEING.
  6898 | D:6      | 6898 ||| FLEEEEING.
  6899 | D:6      | 6899 ||| FLEEEEING.
  6900 | D:6      | 6900 ||| FLEEEEING.
  6917 | D:6      | 6917 ||| FLEEEEING.
  6918 | D:6      | 6918 ||| FLEEEEING.
  6919 | D:6      | 6919 ||| FLEEEEING.
  6920 | D:6      | 6920 ||| FLEEEEING.
  6925 | D:6      | 6925 ||| STAIRDANCE
  7197 | D:6      | Reached skill level 11 in Axes
  7362 | D:6      | Noticed a troll
  7378 | D:6      | Killed a troll
  7379 | D:6      | HP: 10/54 [acid (4)]
  7580 | D:6      | 7580 ||| Stepping ~*~*~tactically~*~*~ (stealth).
  7744 | D:6      | Found a hazy altar of Hepliaklqana.
  7744 | D:6      | Found a sacrificial altar of Ru.
  7986 | D:6      | 7986 ||| Stepping ~*~*~tactically~*~*~ (stealth).
  7993 | D:6      | Reached skill level 12 in Axes
  8041 | D:6      | 8041 ||| Stepping ~*~*~tactically~*~*~ (hiding).
  8052 | D:6      | Reached skill level 6 in Armour
  8344 | D:6      | 8344 ||| READING 3 scrolls of identify.
  8344 | D:6      | 8344 ||| IDENTIFYING lumpy white potion
  8345 | D:6      | 8345 ||| DROPPING potion of brilliance.
  8470 | D:7      | 8470 ||| Stepping ~*~*~tactically~*~*~ (hiding).
  8589 | D:7      | Found a sparkling altar of Nemelex Xobeh.
  8615 | D:7      | 8615 ||| READING scroll of enchant armour.
  8615 | D:7      | 8615 ||| ENCHANTING +0 cloak.
  8676 | D:7      | Reached skill level 6 in Fighting
  8972 | D:7      | Reached skill level 3 in Dodging
  8972 | D:7      | Reached XP level 10. HP: 60/60 MP: 14/14
  9187 | D:7      | 9187 ||| Stepping ~*~*~tactically~*~*~ (hiding).
  9201 | D:7      | HP: 9/57 [wight/+0 long sword (7)]
  9202 | D:7      | 9202 ||| DRINKING potion of heal wounds.
  9405 | D:7      | Identified the +1 scale mail "Noyssouga" {Will+ rCorr
                  | Stlth+}
  9424 | D:7      | 9424 ||| Stepping ~*~*~tactically~*~*~ (stealth).
  9539 | D:7      | Noticed Dowan
  9540 | D:7      | Noticed Duvessa
  9552 | D:7      | Killed Dowan
  9553 | D:7      | Reached skill level 13 in Axes
  9561 | D:7      | Killed Duvessa
  9853 | D:7      | HP: 5/60 [ogre/+0 giant club (12)]
 10154 | D:7      | HP: 2/60 [orc warrior/+0 battleaxe (16)]
 10155 | D:7      | 10155 ||| READING scroll of teleportation.
 10155 | D:7      | Slain by a gnoll

Levels and vault maps discovered:
D:1:      co_arrival_square_in_a_square_in_a_square, layout_loops_corners
D:2:      layout_loops_cross, shapermc_ecumenical_altar_acropolis
D:3:      layout_basic, mainiacjoe_overflow_six_doors_small,
          gammafunk_ghost_nasty_kobolds, chequers_serial_rivers_marsh
D:4:      layout_rooms, serial_shops, shop, uniq_eustachio
D:5:      layout_loops_ring, minmay_temple_entry_junction, minmay_manual_mail,
          uniq_pikel
D:6:      layout_loops_ring, mainiacjoe_overflow_divided_tiny,
          mainiacjoe_overflow_concentric_impassable, st_stairs_7
D:7:      kennysheep_seaside_town, layout_basic, mainiacjoe_overflow_alcove_1,
          uniq_crazy_yiuf_cottage, uniq_duvessa
Temple:   nicolae_temple_bog_church

Skill      XL: |  1  2  3  4  5  6  7  8  9 10 |
---------------+-------------------------------+-----
Axes           | 3 4 5 6 7 8 10 12 13 | 13.0
Armour         | 2 3 4 5 6 7 |  7.0
Fighting       | 3 4 6 |  6.2
Dodging        | 3 |  3.0
Throwing       | |  1.0
Spellcasting   | |  2.0
Translocations | |  2.4

Action                   |  1- 3 |  4- 6 |  7- 9 | 10-12 || total
-------------------------+-------+-------+-------+-------++-------
Melee: Hand axe          |    94 |    42 |       |       ||   136
       Peck              |    16 |    17 |    50 |    20 ||   103
       Kick              |    16 |    37 |    83 |    36 ||   172
       War axe           |       |   100 |   251 |    98 ||   449
       Punch             |       |     3 |     4 |     3 ||    10
Throw: Boomerang         |     7 |       |       |       ||     7
  Use: Scroll            |     3 |    10 |     7 |     1 ||    21
       Potion            |     3 |     5 |       |     1 ||     9
Armor: Leather armour    |    31 |    17 |       |       ||    48
       Plate armour      |       |    82 |   195 |    83 ||   360
Dodge: Dodged            |    44 |    72 |    82 |    27 ||   225

Table legend:
 A = Non-vault XP
 B = Vault XP
 C = Vault XP percentage of total XP
 D = Non-vault monster count
 E = Vault monster count
 F = Vault count percentage of total count
                 A         B        C        D         E       F
            +---------+---------+-------+---------+---------+-------
      Total |    4210 |    2076 |  33.0 |     138 |      20 |  12.7
            +---------+---------+-------+---------+---------+-------
        D:1 |      53 |       0 |   0.0 |      27 |       0 |   0.0
        D:2 |      45 |       0 |   0.0 |      20 |       0 |   0.0
        D:3 |      94 |       0 |   0.0 |      29 |       0 |   0.0
        D:4 |     186 |     404 |  68.5 |      11 |       4 |  26.7
        D:5 |     374 |     904 |  70.7 |       8 |       4 |  33.3
        D:6 |    1972 |     101 |   4.9 |      20 |       2 |   9.1
        D:7 |    1486 |     667 |  31.0 |      23 |      10 |  30.3
            +---------+---------+-------+---------+---------+-------
